 Dungeon Crawl Stone Soup version 0.16.2-12-gd0ad4c3 (webtiles) character file.

7644 Peloso the Blocker (level 10, -3/78 (91) HPs)
             Began as a Minotaur Fighter on Oct 3, 2015.
             Was a High Priest of Okawaru.
             Splashed by a brown ugly thing's acid (9 damage)
             ... on level 11 of the Dungeon.
             The game lasted 00:35:08 (9321 turns).

Peloso the Blocker (Minotaur Fighter)               Turns: 9321, Time: 00:35:08

HP:   -3/78 (91)    AC:  4    Str: 20    XL:     10   Next: 99%
MP:   4/4           EV:  8    Int:  5    God:    Okawaru [*****.]
Gold: 580           SH:  0    Dex: 12    Spells: 0 memorised, 9 levels left

rFire  . . .     SeeInvis +     Q - +1 great sword
rCold  + . .     Clarity  .     g - +0 plate armour
rNeg   . . .     SustAb   .     (no shield)
rPois  +         Gourm    .     (helmet restricted)
rElec  .         Spirit   .     A - +0 cloak
rCorr  .         Warding  .     (no gloves)
rMut   .         Stasis   .     x - +2 pair of boots of Okawaru's Approval {rPois Str-2 SInv}
MR     .....                    E - amulet of rage
Stlth  ..........               j - ring of protection from cold
                                Z - ring of see invisible

@: about to teleport, corroded equipment, not resistant to hostile enchantments,
extremely unstealthy
A: retaliatory headbutt, horns 2
a: Heroism, Finesse, Renounce Religion, Evoke Berserk Rage


You were on level 11 of the Dungeon.
You worshipped Okawaru.
Okawaru was extremely pleased with you.
You were near starving.

You visited 2 branches of the dungeon, and saw 12 of its levels.
You also visited: Ossuary.

You collected 580 gold pieces.

Inventory:

Hand weapons
 a - a +0 long sword
 O - a +1 short sword
 P - a +3 spear
 Q - a +1 great sword (weapon)
 S - a +2 whip of flaming
Armour
 c - a +1 shield
 g - a +0 plate armour (worn)
 x - the +2 pair of boots of Okawaru's Approval (worn) {rPois Str-2 SInv}
   (Okawaru gifted it to you on level 11 of the Dungeon)

   It affects your strength (-2).
   It protects you from poison.
   It enhances your eyesight.
 A - a +0 cloak (worn)
 M - a +2 pair of boots
 R - a +0 pair of boots
Jewellery
 j - a ring of protection from cold (right hand)
 v - an uncursed ring of ice
 E - an amulet of rage (around neck)
 Z - a ring of see invisible (left hand)
Magical devices
 i - a wand of slowing (16)
Scrolls
 k - 2 scrolls of magic mapping
 m - a scroll of teleportation
 r - a scroll of fog
 t - 4 scrolls of remove curse
 y - 7 scrolls of identify
 B - a scroll of amnesia
 F - a scroll of recharging
 H - a scroll of immolation {unknown}
 I - a scroll of random uselessness {unknown}
 L - a scroll of fear {unknown}
 N - a scroll of enchant armour
 T - a scroll of noise {unknown}
Potions
 b - a potion of mutation {unknown}
 e - a potion of might
 f - a potion of magic
 l - 2 potions of curing
 p - 3 potions of restore abilities
 s - 3 potions of haste
 u - a potion of experience
 w - 2 potions of invisibility
 C - 3 potions of flight {unknown}
Books
 D - a Fen Folio

   Spells                             Type                      Level
   a - Corpse Rot                     Necromancy                   2
   b - Stone Arrow                    Conjuration/Earth            3
   c - Leda's Liquefaction            Hexes/Earth                  4
   d - Summon Forest                  Summoning/Translocation      5
   e - Hydra Form                     Transmutation                6
   f - Summon Hydra                   Summoning                    7
 U - a book of Debilitation

   Spells                             Type                      Level
   a - Corona                         Hexes                        1
   b - Slow                           Hexes                        2
   c - Inner Flame                    Hexes/Fire                   3
   d - Enslavement                    Hexes                        4
   e - Cause Fear                     Hexes                        4
   f - Leda's Liquefaction            Hexes/Earth                  4
Comestibles
 d - 9 bread rations
 h - a chunk of flesh
 n - 9 slices of pizza
 o - 5 beef jerkies
 q - a fruit
 z - 3 meat rations


   Skills:
 + Level 9.4 Fighting
 + Level 10.2 Long Blades
 + Level 10.3 Armour
 + Level 4.5 Dodging
 + Level 1.5 Stealth
 + Level 11.0 Shields
 + Level 0.2 Invocations


You had 9 spell levels left.
You didn't know any spells.

Dungeon Overview and Level Annotations

Branches:
Dungeon (11/15)            Temple (1/1) D:5            Lair (0/8) D:9
    Orc: D:9-12

Altars:
Ashenzari
Cheibriados
Dithmenos
Elyvilon
Kikubaaqudgha
Makhleb
Nemelex Xobeh
Okawaru
Qazlal
Ru
Sif Muna
Trog
Xom
Yredelemnul
Zin

Portals:
Bailey: D:11


Innate Abilities, Weirdness & Mutations

You reflexively headbutt those who attack you in melee.
You have a pair of horns on your head.


Message History

You are splashed with acid!
The acid corrodes your equipment!
The acid burns!
* * * LOW HITPOINT WARNING * * *
Drink which item? (? for menu, Esc to quit)
Okay, then.
Read which item? (? for menu, Esc to quit)
As you read the scroll of teleportation, it crumbles to dust.
You feel strangely unstable.
The orc shouts!
The brown ugly thing trunk-slaps you but does no damage.
You hit the brown ugly thing but do no damage.
The brown ugly thing is severely wounded.
The brown ugly thing trunk-slaps you but does no damage.
Unknown command.
Your plate armour prevents you from hitting the brown ugly thing.
You headbutt the brown ugly thing.
The brown ugly thing is severely wounded.
The brown ugly thing trunk-slaps you.
* * * LOW HITPOINT WARNING * * *
You are splashed with acid!
The acid corrodes your equipment!
The acid burns!
You die...

# .#... ... . ##.......#...
... # #..#.##...... .. ...
#.#..(....#.###.####.
....#.....................
..........................
.........#...##............
#<)#..##B............
##.)...@uoo[..........
#)...####oo.....>.....
..)∩)......# #............
..).....#.................
.....................#....
..................##.##o#
................>. .. .
.#....#.......#.#.#..
##....#.........


You could see a brown ugly thing, a goliath beetle, an orc priest and 3 orcs.

Vanquished Creatures
  An unseen horror (D:11)
  Pikel (D:8)
  Joseph (D:8)
  A komodo dragon (D:10)
  A troll (D:8)
  A hog (D:7)
  A human (D:7)
  A gnoll shaman (D:8)
  Grum (D:8)
  A hungry ghost (D:6)
  2 wolves (D:8)
  A hippogriff (D:9)
  Edmund (D:8)
  The ghost of Musteatbrain the Sneak, an average KoEn (D:3)
  6 ice beasts
  4 necrophages
  2 phantoms
  5 centaurs
  2 slaves (D:8)
  An eye of draining (D:10)
  4 sky beasts
  An ogre (D:7)
  Duvessa (D:8)
  A big kobold (D:7)
  Blork the orc (D:8)
  4 giant frogs
  4 water moccasin zombies (Ossuary)
  4 scorpions
  6 killer bees (D:6)
  4 wights (D:7)
  A centaur zombie (D:8)
  A goliath beetle (D:8)
  Dowan (D:8)
  A crimson imp (D:7)
  2 jellies
  5 orc priests
  A giant frog skeleton (D:10)
  A quasit (D:7)
  2 iguanas (D:7)
  6 orc wizards
  6 worker ants
  3 sheep (D:7)
  Jessica (D:2)
  2 big kobold zombies (Ossuary)
  A hound skeleton (D:10)
  4 mummies
  2 worker ant zombies
  5 gnolls (D:8)
  A river rat (D:3)
  7 adders
  A shadow imp (D:5)
  4 worms
  An adder skeleton (D:8)
  4 adder zombies (Ossuary)
  An ooze (D:1)
  35 orcs
  7 ball pythons (D:3)
  3 giant cockroaches (D:3)
  15 hobgoblins
  11 jackals
  14 quokkas
  12 bats
  3 giant geckos
  A giant gecko zombie (D:7)
  9 giant newts
  5 gnoll zombies (Ossuary)
  4 goblins
  5 hobgoblin zombies (Ossuary)
  25 kobolds
  4 kobold zombies (Ossuary)
  2 orc zombies (Ossuary)
  A quokka zombie (D:5)
  17 rats
  A fungus (D:1)
303 creatures vanquished.

Vanquished Creatures (others)
  2 slaves (D:8)
2 creatures vanquished.

Grand Total: 305 creatures vanquished

Notes
Turn   | Place    | Note
--------------------------------------------------------------
     0 | D:1      | Peloso, the Minotaur Fighter, began the quest for the Orb.
     0 | D:1      | Reached XP level 1. HP: 19/19 MP: 1/1
   334 | D:1      | Reached XP level 2. HP: 27/27 MP: 1/1
   607 | D:2      | Reached skill level 4 in Fighting
   616 | D:2      | Reached XP level 3. HP: 33/33 MP: 2/2
   695 | D:2      | Noticed Jessica
   700 | D:2      | Killed Jessica
  1190 | D:2      | Reached XP level 4. HP: 31/40 MP: 2/2
  1344 | D:3      | Found a shimmering altar of Xom.
  1525 | D:3      | Reached skill level 1 in Dodging
  1592 | D:3      | Found a basalt altar of Yredelemnul.
  1592 | D:3      | Found a deep blue altar of Sif Muna.
  2079 | D:3      | Noticed Musteatbrain's ghost (average KoEn)
  2116 | D:3      | Killed Musteatbrain's ghost
  2116 | D:3      | Reached skill level 5 in Shields
  2116 | D:3      | Reached XP level 5. HP: 40/47 MP: 2/2
  2196 | D:3      | Reached skill level 5 in Armour
  2237 | D:4      | Reached XP level 6. HP: 39/55 MP: 3/3
  3075 | D:5      | Entered Level 5 of the Dungeon
  3082 | D:5      | Reached skill level 5 in Fighting
  3082 | D:5      | Reached skill level 6 in Shields
  3141 | D:5      | Reached XP level 7. HP: 48/58 MP: 3/3
  3229 | D:5      | Found a staircase to the Ecumenical Temple.
  3260 | Temple   | Entered the Ecumenical Temple
  3327 | Temple   | Became a worshipper of Warmaster Okawaru
  4457 | D:6      | Acquired Okawaru's first power
  4457 | D:6      | Reached skill level 7 in Shields
  4509 | D:6      | Reached XP level 8. HP: 45/66 MP: 3/3
  4575 | D:6      | Reached skill level 5 in Long Blades
  4576 | D:6      | Reached skill level 1 in Stealth
  4589 | D:6      | HP: 2/66 [killer bee (5)]
  4937 | D:6      | Reached skill level 8 in Shields
  5107 | D:6      | Noticed a moth of wrath
  5109 | D:6      | Found a bloodstained altar of Trog.
  5450 | D:7      | Reached skill level 9 in Shields
  5465 | D:7      | Reached XP level 9. HP: 67/74 MP: 4/4
  5778 | D:7      | Found a sand-covered staircase.
  5812 | Ossuary  | Entered an ossuary
  6049 | D:7      | Reached skill level 10 in Shields
  6370 | D:7      | Found a shadowy altar of Dithmenos.
  6531 | D:8      | Noticed Pikel
  6559 | D:8      | Killed Pikel
  6559 | D:8      | Reached XP level 10. HP: 52/84 MP: 4/4
  6716 | D:8      | Noticed Blork the orc
  6723 | D:8      | Killed Blork the orc
  6827 | D:8      | Noticed Edmund
  6834 | D:8      | Killed Edmund
  7011 | D:8      | Reached skill level 11 in Shields
  7051 | D:8      | Noticed Grum
  7061 | D:8      | Killed Grum
  7119 | D:8      | Noticed Joseph
  7123 | D:8      | Found a shadowy altar of Dithmenos.
  7130 | D:8      | Killed Joseph
  7691 | D:8      | Noticed Duvessa
  7692 | D:8      | Noticed Dowan
  7705 | D:8      | Killed Duvessa
  7710 | D:8      | Killed Dowan
  7761 | D:9      | Found a snail-covered altar of Cheibriados.
  7768 | D:9      | Found a sparkling altar of Nemelex Xobeh.
  7887 | D:9      | Acquired Okawaru's second power
  7916 | D:9      | Found a staircase to the Lair.
  7959 | D:9      | Found a sacrificial altar of Ru.
  8418 | D:9      | Found a burning altar of Makhleb.
  8419 | D:9      | Found a bloodstained altar of Trog.
  8419 | D:9      | Found a shattered altar of Ashenzari.
  8420 | D:9      | Found a white marble altar of Elyvilon.
  8690 | D:10     | Entered Level 10 of the Dungeon
  8897 | D:10     | Reached skill level 10 in Armour
  9070 | D:10     | Reached skill level 10 in Long Blades
  9257 | D:11     | Noticed an unseen horror
  9264 | D:11     | Found a flagged portal.
  9275 | D:11     | Killed an unseen horror
  9275 | D:11     | Received a gift from Okawaru
  9281 | D:11     | Got a pair of slimy boots {god gift}
  9292 | D:11     | Identified the +2 pair of boots of Okawaru's Approval {rPois Str-2 SInv} (Okawaru gifted it to you on level 11 of the Dungeon)
  9305 | D:11     | Noticed a brown ugly thing
  9321 | D:11     | Splashed by a brown ugly thing's acid

Action                   |  1- 3 |  4- 6 |  7- 9 | 10-12 || total
-------------------------+-------+-------+-------+-------++-------
Melee: Long sword        |    68 |   243 |   514 |       ||   825
       Great sword       |       |       |    26 |   256 ||   282
Invok: Heroism           |       |       |       |     1 ||     1
  Use: Scroll            |       |     5 |    12 |     1 ||    18
       Potion            |       |       |     3 |       ||     3
  Eat: Chunk             |       |     7 |    13 |     5 ||    25
       Royal jelly       |       |       |       |     1 ||     1
       Fruit             |       |       |       |     1 ||     1
